← All builds
Suicide front / Cortex / Economy first / OBSERVED BUILD

Standard suicide front

The role's baseline: bot lab first, economy expands through the first minutes, and Thugs with Aggravators and Grunts carry the fight to the middle as T2 approaches.

#eco #defence · 410 distinct matches · 80 players · 70% of Cortex Suicide front games · team won 51% of 426 · Recently observed

HOW TO PLAY IT

Key timing: Bot Lab by 0:34

  1. Take 3 mex, then rush a Bot Lab immediately for early army.
  2. Finish Bot Lab, start pumping Thug, Grunt and Aggravator.
  3. Push units to middle to contest and secure reclaim early.
  4. Add Advanced Metal Extractor to keep economy scaling with the fight.
  5. Hold middle with bots until T2 reinforcements arrive from Geo.

Phase by phase

TYPICAL OF ITS 410 GAMES
  1. 1
  2. 2
  3. 3
PLAY THE OPENING

Follow the example game's first 6:00 step by step: what to build now, what comes next, and where it goes. At 1× it keeps pace with your own game.

  1. 1

    Up to the Bot Lab

    Economy
    • Metal Extractor1Mex
    Order
    1. Bot LabBot Lab after 1 mexdone ~0:34, middle half 0:27–0:44

    By 0:18 in all: 1 mex

    The example game in this phase · 2 steps
    1. Mex ×2
    2. Bot LabBot Labdone 0:34 · typical 0:34
  2. 2

    Bot Lab to 5:00

    Economy
    • Metal Extractor4Mex
    • Wind Turbine3Wind
    Builders
    • Graverobber4 Graverobber
    • Construction Bot3 Con bot
    Army
    • Guard3 Guard
    • Thug14 Thug
    • Grunt3 Grunt
    • Aggravator1 Aggravator
    Other
    • Radar Tower1 Radar Tower

    By 5:00 in all: 5 mex · 3 wind

    The example game in this phase · 27 steps
    1. Wind
    2. GraverobberGraverobber ×2
    3. Wind
    4. Construction BotCon bot ×3
    5. Mex
    6. ThugThug ×3
    7. Mex
    8. ThugThug
    9. GuardGuard
    10. ThugThug
    11. Radar TowerRadar Tower
    12. Wind
    13. ThugThug ×2
    14. Wind
    15. ThugThug
    16. Wind
    17. ThugThug ×2
    18. Wind
    19. ThugThug ×2
    20. Wind
    21. ThugThug ×2
    22. Wind
    23. ThugThug ×3
    24. Wind
    25. ThugThug
    26. Wind
    27. ThugThug
  3. 3

    5:00 to 10:00

    Economy
    • Metal Extractor1Mex
    • Wind Turbine14Wind
    Builders
    • Construction Turret2 Con turret
    • Graverobber2 Graverobber
    • Construction Bot1 Con bot
    Army
    • Guard1 Guard
    • Thug5 Thug
    • Grunt3 Grunt
    • Aggravator1 Aggravator

    Some games also: energy storage (47%) · Radar Tower (42%) · Twin Guard (32%) · Dragon's Teeth (31%)

    By 10:00 in all: 6 mex · 18 wind · 1 energy storage · 2 con turret

    The example game in this phase · 59 steps
    1. ThugThug
    2. Wind
    3. ThugThug ×2
    4. Wind
    5. ThugThug ×2
    6. Wind
    7. ThugThug ×2
    8. Wind
    9. ThugThug ×2
    10. Wind
    11. ThugThug
    12. Con turret
    13. ThugThug
    14. Wind ×2
    15. Construction BotCon bot
    16. Radar TowerRadar Tower
    17. Wind
    18. Construction BotCon bot
    19. CastroCastro
    20. Wind
    21. GuardGuard
    22. Advanced Metal ExtractorT2 mexdone 11:20 · typical 9:41
    23. Construction BotCon bot
    24. Wind
    25. Dragon's MawDragon's Maw
    26. GuardGuard ×2
    27. Wind ×2
    28. Advanced Metal ExtractorT2 mex
    29. Construction BotCon bot
    30. Wind
    31. Advanced Metal ExtractorT2 mex
    32. Construction BotCon bot
    33. Wind
    34. Construction BotCon bot
    35. Wind
    36. Advanced Metal ExtractorT2 mex
    37. Construction BotCon bot ×2
    38. Wind
    39. Construction BotCon bot
    40. RattlesnakeRattlesnakedone 14:13
    41. Twin GuardTwin Guard
    42. Construction BotCon bot
    43. GruntGrunt
    44. Wind ×2
    45. GruntGrunt
    46. Wind ×3
    47. GruntGrunt ×2
    48. Wind
    49. Twin GuardTwin Guard
    50. GruntGrunt ×2
    51. Wind ×2
    52. GruntGrunt ×2
    53. Wind
    54. GruntGrunt ×3
    55. Wind
    56. GruntGrunt
    57. Wind
    58. Twin GuardTwin Guard
    59. GruntGrunt

Counts are medians over the build's games: half of them build more, half fewer. The example game is ITz_Greeny's (43 OS, 28/09/2026); pick another.

Team trades

IN AT LEAST 30% OF ITS GAMES

You hand over

Nothing regular.

You get

  • Tidal Generator4 Tidal from Pondfirst at 0:11 · in 69% of games
  • Advanced Construction Bot1 T2 con bot from Geo or Techfirst at 7:33 · in 56% of games

How it plays out

Typical game of this build, running totals by minute

Metal produced

010k20k
0:005:0010:0015:00

metal

Enemy metal destroyed

05k10k
0:005:0010:0015:00

metal

Own metal lost

05k10k15k
0:005:0010:0015:00

metal

426 games.

Show as table
ByMetal produced: This buildEnemy metal destroyed: This buildOwn metal lost: This build
1:0027700
2:0096900
3:002064194133
4:003154682645
5:00430316331418
6:00553025392419
7:00672035523537
8:00791944944525
9:00915251605480
10:001040958576293
11:001194663357112
12:001355368317999
13:001518474488814
14:001702082219599
15:0018420878610385
WHAT THE NUMBERS SAY

This is the role's baseline aggressive job, winning half its games while both dealing and taking heavy metal losses fighting at middle.

  • + Fastest Bot Lab of any role (0:34), gets units fighting almost immediately.
  • + Destroys 8805 enemy metal by 15:00 through constant middle pressure.
  • − Loses 10461 own metal by 15:00, more than it destroys.
  • − Metal production lags behind other front role at 18297 by 15:00.
THE EXAMPLE YOU ARE READING

ITz_Greeny

42.9 OS · 28/09/2026

Open source match ↗

10 received units · includes a constructor
838 metal received · 1041 energy received

Allied construction assistance is unknown. Timings are observations, not a promise of solo reproducibility.

Typical milestones

Bot Lab0:34Middle 50%: 0:27–0:44 · n=422
Advanced Metal Extractor9:41Middle 50%: 8:45–10:58 · n=276

Played most by

_X_64games of this build_Hawkey_44games of this buildImmort30games of this buildGuiTou25games of this buildViltrum23games of this build